 Dungeon Crawl Stone Soup version 0.22-a0-570-g58866f5 (webtiles) character file.

11776 royokou the Severer (level 11, -14/99 HPs)
             Began as a Minotaur Berserker on June 30, 2018.
             Was a High Priest of Trog.
             Demolished by a skeletal warrior
             ... wielding a +0 glaive
             ... led by a death knight
              (22 damage)
             ... on level 11 of the Dungeon on July 1, 2018.
             The game lasted 00:38:35 (10792 turns).

royokou the Severer (Minotaur Berserker)           Turns: 10792, Time: 00:38:36

Health: -14/99     AC: 16    Str: 23    XL:     11   Next: 53%
Magic:  3/3        EV: 12    Int:  8    God:    Trog [*****.]
Gold:   320        SH:  0    Dex: 10    Spells: 10/10 levels left

rFire    . . .     SeeInvis .   L - +8 dire flail (antimagic)
rCold    . . .     Gourm    .   (shield currently unavailable)
rNeg     . . .     Faith    .   u - +0 plate armour
rPois    +         Spirit   .   (helmet restricted)
rElec    .         Reflect  .   (no cloak)
rCorr    .         Harm     .   s - +1 pair of gloves {archery}
MR       .....                  (no boots)
Stlth    ..........             (no amulet)
HPRegen  0.26/turn              F - +3 ring of evasion
MPRegen  0.08/turn              C - +3 ring of protection

@: berserk cooldown, slowed, very slow
A: retaliatory headbutt, horns 2, blurry vision 1, clever 1, poison resistance
a: Berserk, Trog's Hand, Brothers in Arms, Renounce Religion


You were on level 11 of the Dungeon.
You worshipped Trog.
Trog was extremely pleased with you.
You were very hungry.

You visited 1 branch of the dungeon, and saw 11 of its levels.
You also visited: Bailey.

You collected 640 gold pieces.
You spent 320 gold pieces at shops.

Inventory:

Hand Weapons
 m - a +3 war axe
 r - a +0 battleaxe
 L - a +8 antimagic dire flail (weapon)
Armour
 l - a +0 pair of gloves
 n - a +0 shield
 s - a +1 pair of gloves of archery (worn)
 u - a +0 plate armour (worn)
 w - a +0 plate armour
Jewellery
 t - an uncursed ring of protection from cold
 z - an uncursed ring of protection from fire
 C - a +3 ring of protection (right hand)
 F - a +3 ring of evasion (left hand)
 J - an uncursed ring of protection from cold
Wands
 g - a wand of enslavement (8)
 j - a wand of paralysis (8)
 x - a wand of polymorph (15)
 A - a wand of flame (36)
 E - a wand of iceblast (17)
 H - a wand of disintegration (19)
Scrolls
 a - 2 scrolls of fog
 d - 6 scrolls of remove curse
 e - 7 scrolls of teleportation
 h - a scroll of random uselessness
 i - 2 scrolls of identify
 o - a scroll of blinking
 q - a scroll of fear
 y - a scroll of amnesia
 G - a scroll of immolation
Potions
 b - 4 potions of curing
 f - 3 potions of flight
 k - a potion of might
 p - 3 potions of heal wounds
 v - 2 potions of resistance
 K - a potion of invisibility
Miscellaneous
 I - a sack of spiders
Comestibles
 c - 17 rations
 D - 9 chunks of flesh


   Skills:
 + Level 10.1 Fighting
 - Level 16.8 Axes
 - Level 2.5 Armour
 + Level 8.8 Dodging


You had 10 spell levels left.
You didn't know any spells.
Your spell library contained the following spells:

 Spells                   Type           Power        Failure   Level  Hunger
 Magic Dart               Conj           #...         100%        1    ##.....
 Conjure Flame            Conj/Fire      #.......     100%        3    ####...
 Slow                     Hex            #.......     100%        2    ###....
 Mephitic Cloud           Conj/Pois/Air  #.......     100%        3    ####...
 Blink                    Tloc           N/A          100%        2    ###....
 Call Imp                 Summ           #.......     100%        2    ###....
 Regeneration             Chrm/Necr      #.........   100%        3    ####...
 Shroud of Golubria       Chrm/Tloc      #.........   100%        2    ###....
 Infusion                 Chrm           #...         100%        1    ##.....
 Song of Slaying          Chrm           #.......     100%        2    ###....
 Spectral Weapon          Hex/Chrm       #.......     100%        3    ####...


Dungeon Overview and Level Annotations

Branches:
Dungeon (11/15)            Temple (0/1) D:5
   Lair: D:8-11         Orc: D:9-12

Altars:
Ashenzari
Cheibriados
Dithmenos
Elyvilon
Fedhas
Hepliaklqana
Kikubaaqudgha
Nemelex Xobeh
Qazlal
Sif Muna
Trog
Wu Jian
Yredelemnul
Zin

Shops:
D:9 :   D:10 *

Annotations:
D:4 1 runed door, royokou's ghost, amateur DECj
D:6 1 exclusion


Innate Abilities, Weirdness & Mutations

You reflexively headbutt those who attack you in melee.
You have a pair of horns on your head.
Scrolls take you a little longer to read.
Your mind is acute. (Int +2)
Your system is resistant to poisons. (rPois)


Message History

The death knight hits you with a battleaxe!
The skeletal warrior hits you from afar with a glaive!
You sock the death knight!
The death knight is heavily wounded.
The death knight hits you with a battleaxe!!
* * * LOW HITPOINT WARNING * * *
The skeletal warrior hits you from afar with a glaive!
* * * LOW HITPOINT WARNING * * *
The shadow imp spits at you.
Okay, then.
Really read with blurry vision while enemies are nearby? [Y]es or [N]o only, please.
Really read with blurry vision while enemies are nearby?
Okay, then.
You feel much better.
The skeletal warrior hits you with a short sword.
The death knight hits you with a battleaxe!!
* * * LOW HITPOINT WARNING * * *
The skeletal warrior hits you from afar with a glaive!!
You die...

######### #########
...?....######.......#
.......@)))..#.......#
......zp####.'.......#
.....z.5# ###.......#
.(...:..# #.......#
........# #.......#
........# #.......#
##.###### ##+###### #.
#..## ##..#####


You could see a death knight, 2 skeletal warriors and a shadow imp.

Vanquished Creatures
  Erolcha (D:11)
  A hydra (D:10)
  Erica (D:9)
  A two-headed ogre (D:9)
  A centaur warrior (D:10)
  An ugly thing (D:11)
  The ghost of hellotanjent the Shield-Bearer, a novice GrFi (D:5)
  A gargoyle (D:10)
  2 freezing wraiths (D:11)
  Prince Ribbit (D:7)
  A troll (D:9)
  4 hippogriffs
  2 wyverns
  A hungry ghost (D:10)
  2 sky beasts
  3 orc warriors
  2 phantoms
  An eye of draining (D:8)
  3 ice beasts
  9 ogres
  5 necrophages
  2 centaurs (D:5)
  7 bullfrogs
  A wyvern zombie (D:7)
  2 scorpions
  10 killer bees (D:10)
  8 howler monkeys
  6 crimson imps
  A centaur zombie (D:7)
  A bullfrog zombie (D:10)
  A jelly (D:10)
  4 hounds
  8 orc priests
  12 orc wizards
  3 centaur skeletons
  A bullfrog skeleton (D:10)
  4 iguanas
  7 worker ants
  3 hound skeletons
  A worker ant zombie (D:6)
  A howler monkey skeleton (D:6)
  Robin (D:4)
  4 gnolls (D:5)
  12 adders
  An adder zombie (D:7)
  2 worms
  6 dart slugs
  A leopard gecko (D:7)
  35 orcs
  A ball python (D:4)
  2 bat zombies (D:7)
  6 giant cockroaches
  16 goblins
  8 hobgoblins
  14 jackals
  4 kobolds (D:2)
  5 quokkas
  4 bats
  5 frilled lizards
  A quokka skeleton (D:6)
  A quokka zombie (D:7)
  6 rats
  A spectral orc (D:4)
  7 bushes (D:7)
  7 plants (D:7)
277 creatures vanquished.

Vanquished Creatures (others)
  2 fungi (D:11)
  4 plants (D:7)
  2 withered plants (D:4)
8 creatures vanquished.

Grand Total: 285 creatures vanquished

Notes
Turn   | Place    | Note
-------+----------+-------------------------------------------
     0 | D:1      | royokou the Minotaur Berserker began the quest for the Orb.
     0 | D:1      | Reached XP level 1. HP: 19/19 MP: 0/0
   185 | D:1      | Reached XP level 2. HP: 27/27 MP: 1/1
   186 | D:1      | Reached skill level 4 in Axes
   826 | D:2      | Reached XP level 3. HP: 30/33 MP: 2/2
   911 | D:2      | Reached ** piety under Trog
   987 | D:2      | Reached skill level 5 in Axes
  1110 | D:2      | Noticed an ogre
  1115 | D:2      | Killed an ogre
  1115 | D:2      | Reached skill level 6 in Axes
  1115 | D:2      | Reached XP level 4. HP: 38/40 MP: 3/3
  1278 | D:2      | Found an ornate altar of the Wu Jian Council.
  1280 | D:2      | Found a hazy altar of Hepliaklqana.
  1283 | D:2      | Found a bloodstained altar of Trog.
  1284 | D:2      | Found a snail-covered altar of Cheibriados.
  1284 | D:2      | Found a deep blue altar of Sif Muna.
  1285 | D:2      | Found a shadowy altar of Dithmenos.
  1287 | D:2      | Found a white marble altar of Elyvilon.
  1288 | D:2      | Found a stormy altar of Qazlal.
  1291 | D:2      | Reached XP level 5. HP: 43/46 MP: 4/4
  1814 | D:3      | Found a snail-covered altar of Cheibriados.
  2071 | D:3      | Reached skill level 7 in Axes
  2402 | D:4      | Noticed a sky beast
  2420 | D:4      | Killed a sky beast
  2420 | D:4      | Reached skill level 8 in Axes
  2420 | D:4      | Reached XP level 6. HP: 52/52 MP: 5/5
  2501 | D:4      | Noticed royokou's ghost (amateur DECj)
  2502 | D:4      | Found a runed door.
  2620 | D:4      | Reached skill level 9 in Axes
  2663 | D:4      | Found a white marble altar of Elyvilon.
  2663 | D:4      | Noticed Robin
  2676 | D:4      | Killed Robin
  2825 | D:4      | Reached XP level 7. HP: 56/58 MP: 6/6
  2907 | D:4      | Found a basalt altar of Yredelemnul.
  2910 | D:4      | Reached *** piety under Trog
  3194 | D:5      | Entered Level 5 of the Dungeon
  3205 | D:5      | Found a staircase to the Ecumenical Temple.
  3224 | D:5      | Reached skill level 10 in Axes
  3392 | D:5      | Reached skill level 11 in Axes
  3409 | D:5      | Reached XP level 8. HP: 64/66 MP: 7/7
  3859 | D:5      | Reached skill level 12 in Axes
  3905 | D:5      | Noticed hellotanjent's ghost (novice GrFi)
  3934 | D:5      | Found a runed door.
  3959 | D:5      | Gained mutation: Your mind is acute. (Int +2) [potion of mutation]
  3959 | D:5      | Gained mutation: Scrolls take you a little longer to read. [potion of mutation]
  3959 | D:5      | Gained mutation: Your system is resistant to poisons. (rPois) [potion of mutation]
  3971 | D:5      | Killed hellotanjent's ghost
  3971 | D:5      | Reached skill level 13 in Axes
  4382 | D:6      | Reached **** piety under Trog
  4394 | D:6      | Reached XP level 9. HP: 64/71 MP: 8/8
  4587 | D:6      | Reached skill level 14 in Axes
  5115 | D:6      | Received a gift from Trog
  5686 | D:6      | Found a shattered altar of Ashenzari.
  6170 | D:7      | Noticed Prince Ribbit
  6181 | D:7      | Killed Prince Ribbit
  6181 | D:7      | Reached skill level 15 in Axes
  6272 | D:7      | Found a blossoming altar of Fedhas.
  6638 | D:7      | Found an ancient bone altar of Kikubaaqudgha.
  7059 | D:8      | Reached skill level 16 in Axes
  7144 | D:8      | Found a sparkling altar of Nemelex Xobeh.
  7303 | D:8      | Reached XP level 10. HP: 73/78 MP: 9/9
  7353 | D:8      | Found a glowing silver altar of Zin.
  7593 | D:7      | Got a fine scale mail
  7604 | D:7      | Identified the +3 scale mail of the Castellan {*Corrode +Blink Dex+3} (You found it on level 7 of the Dungeon)
  7696 | D:9      | Found Suer's Book Emporium.
  7809 | D:9      | Found a flagged portal.
  7825 | Bailey   | Entered a bailey
  8491 | D:9      | Noticed a two-headed ogre
  8496 | D:9      | Killed a two-headed ogre
  8496 | D:9      | Reached skill level 5 in Fighting
  8596 | D:9      | Noticed Erica
  8628 | D:9      | Killed Erica
  8628 | D:9      | Reached skill level 5 in Dodging
  8999 | D:10     | Entered Level 10 of the Dungeon
  9005 | D:10     | Reached ***** piety under Trog
  9018 | D:10     | Found Jaomoegi's Assorted Antiques.
  9044 | D:10     | Bought an iron ring for 160 gold pieces
  9044 | D:10     | Bought a jade ring for 160 gold pieces
  9138 | D:10     | Noticed a centaur warrior
  9148 | D:10     | Killed a centaur warrior
  9459 | D:10     | Reached XP level 11. HP: 94/94 MP: 10/10
  9589 | D:10     | Noticed a six-headed hydra
  9602 | D:10     | Killed an 11-headed hydra
 10347 | D:11     | Noticed a white ugly thing
 10353 | D:11     | Killed a white ugly thing
 10599 | D:11     | Noticed Erolcha
 10605 | D:11     | Killed Erolcha
 10695 | D:11     | Received a gift from Trog
 10774 | D:11     | Noticed a death knight
 10776 | D:11     | Noticed a skeletal warrior
 10778 | D:11     | Reached skill level 10 in Fighting
 10779 | D:11     | Noticed a skeletal warrior
 10792 | D:11     | Demolished by a skeletal warrior

Vault maps used:
D:1:      elethiomel_arrival_shortcut
D:2:      kennysheep_big_flooded_room, minitemple, corexii_leaking_fountain
D:3:      first_ration, kennysheep_slug_shrine
D:4:      yredelemnul_forgotten_temple_becter, gammafunk_ghost_grave,
          kennysheep_another_room, elyvilon_altar_5, uniq_robin
D:5:      temple_pool_b, hellmonk_ghost_happy_afterlife
D:6:      corexii_shack_village, lemuel_coloured_pillars_altar
D:7:      lemuel_zombie_altar_kikubaaqudgha, fedhas_altar_decomposition,
          minmay_misc_feat_roman, uniq_prince_ribbit1
D:8:      nemelex_altar_shiori, basic_altar
D:9:      serial_shops, nicolae_shop_behind_doors, enter_bailey_2, uniq_erica
D:10:     serial_shops, shop, roderic_serpentine_path
D:11:     grunt_lair_entry_orc_guard_hut, hangedman_pestilent_swarm,
          minmay_crystal_water, uniq_erolcha
Bailey:   bailey_polearm_4, bailey

Skill      XL: |  1  2  3  4  5  6  7  8  9 10 11 |
---------------+----------------------------------+-----
Axes           | 4 6 8 9 11 13 16 | 16.8
Fighting       | 4 7 10 | 10.1
Dodging        | 6 8 |  8.8
Armour         | |  2.5

Action                   |  1- 3 |  4- 6 |  7- 9 | 10-12 || total
-------------------------+-------+-------+-------+-------++-------
Melee: Hand axe          |    79 |     6 |       |       ||    85
       Headbutt          |    14 |    13 |    63 |    37 ||   127
       War axe           |       |    81 |   290 |   214 ||   585
       Battleaxe         |       |       |    38 |       ||    38
       Dire flail        |       |       |       |    14 ||    14
Invok: Berserk           |     1 |     1 |     7 |    10 ||    19
 Abil: Evoke Blink       |       |       |       |     1 ||     1
  Use: Scroll            |       |     8 |       |    18 ||    26
       Potion            |       |     1 |     4 |     1 ||     6
 Stab: Invisible         |       |       |     2 |       ||     2
  Eat: Chunk             |     1 |     7 |    14 |    12 ||    34
       Ration            |       |       |     2 |     2 ||     4
Armor: Animal skin       |    19 |       |       |       ||    19
       Chain mail        |       |    45 |    72 |       ||   117
       Skin              |       |     2 |       |       ||     2
       Plate armour      |       |       |    24 |    95 ||   119
Dodge: Dodged            |    53 |    26 |    85 |   100 ||   264

Table legend:
 A = Spawn XP
 B = Non-spawn XP
 C = Spawn XP percentage of total XP
 D = Spawn monster count
 E = Non-spawn monster count
 F = Spawn count percentage of total count
 G = Total turns spent on level
                    A         B        C        D         E        F      G
               +---------+---------+-------+---------+---------+-------+---------
         Total |       0 |   16824 |   0.0 |       0 |     263 |   0.0 | 10792
               +---------+---------+-------+---------+---------+-------+---------
           D:1 |       0 |      26 |   0.0 |       0 |      15 |   0.0 |   767
           D:2 |       0 |     171 |   0.0 |       0 |      23 |   0.0 |   645
           D:3 |       0 |     116 |   0.0 |       0 |      18 |   0.0 |   978
           D:4 |       0 |     529 |   0.0 |       0 |      29 |   0.0 |   804
           D:5 |       0 |    1543 |   0.0 |       0 |      35 |   0.0 |  1070
           D:6 |       0 |    1186 |   0.0 |       0 |      35 |   0.0 |  1571
           D:7 |       0 |    1391 |   0.0 |       0 |      19 |   0.0 |  1245
           D:8 |       0 |     653 |   0.0 |       0 |       8 |   0.0 |   577
           D:9 |       0 |    3253 |   0.0 |       0 |      26 |   0.0 |  1329
          D:10 |       0 |    4830 |   0.0 |       0 |      38 |   0.0 |  1348
          D:11 |       0 |    3126 |   0.0 |       0 |      17 |   0.0 |   445
               +---------+---------+-------+---------+---------+-------+---------
